 Dungeon Crawl Stone Soup version 0.30.0-5-g1a98f26d00 (webtiles) character file.

Game seed: 5359664010078383622

41 qeuew the Covered (level 3, -2/33 HPs)
             Began as a Minotaur Fighter on May 8, 2023.
             Slain by Sigmund
             ... wielding a +2 vampiric scythe
              (5 damage)
             ... on level 2 of the Dungeon.
             The game lasted 00:01:09 (877 turns).

qeuew the Covered (Minotaur Fighter)                 Turns: 877, Time: 00:01:10

Health: -2/33      AC:  7    Str: 20    XL:     3   Next: 32%
Magic:  2/2        EV:  9    Int:  5    God:
Gold:   18         SH:  4    Dex: 11    Spells: 2/2 levels left

rFire   . . .        a - +0 war axe
rCold   . . .        c - +0 buckler
rNeg    . . .        b - +0 scale mail
rPois   .            (helmet restricted)
rElec   .            (no cloak)
rCorr   .            (no gloves)
SInv    .            (no boots)
Will    .....        (no amulet) Stlth
                     (no ring)
HPRegen 0.25/turn    (no ring)
MPRegen 0.08/turn

%: no passive effects
@: no status effects
A: horns 2, retaliatory headbutt
a: no special abilities


You were on level 2 of the Dungeon.
You visited 1 branch of the dungeon, and saw 2 of its levels.

You collected 18 gold pieces.

Inventory:

Hand Weapons
 a - a +0 war axe (weapon)
Armour
 b - a +0 scale mail (worn)
 c - a +0 buckler (worn)
Potions
 d - 2 potions of might
 g - 3 potions of curing
 j - a potion of attraction


   Skills:
 + Level 3.9 Fighting
 + Level 2.9 Axes
 * Level 4.3 Armour
 + Level 1.1 Dodging
 + Level 3.9 Shields


You had 2 spell levels left.
You didn't know any spells.
Your spell library was empty.

Dungeon Overview and Level Annotations

Branches:
Dungeon (2/15)

Altars:

Shops:
D:1 (

Annotations:
D:2 Sigmund


Innate Abilities, Weirdness & Mutations

You have a pair of horns on your head.
You reflexively headbutt those who attack you in melee.


Message History

Sigmund draws strength from your wounds!
Sigmund is nearby!
You closely miss Sigmund.
Sigmund is severely wounded.
Sigmund casts a spell at you. The magic dart hits you.
Sigmund is nearby!
You closely miss Sigmund.
Sigmund is severely wounded.
Sigmund casts a spell at you.
You are confused.
Sigmund hits you with a +2 vampiric scythe.
Sigmund draws strength from your wounds!
You are too confused!
Unknown command.
You are too confused!
Unknown command.
You are too confused!
You bump into the rock wall.
You miss Sigmund. Your headbutt misses Sigmund.
Sigmund is heavily wounded.
Sigmund mumbles some strange words.
Sigmund flickers and vanishes!
Deactivating autopickup; reactivate with Ctrl-A.
You miss something. Your headbutt misses something. Something hits you.
You bump into the rock wall.
Something hits you.
Unknown command.
You're too confused to move!
You feel less confused. Something hits you but does no damage.
You miss something. Your headbutt misses something. Something hits you.
You miss something. Something hits you.
Unknown command.
You miss something. You barely miss something. Something hits you!
* * * LOW HITPOINT WARNING * * *
You barely miss something. Your headbutt misses something. Something hits you.
* * * LOW HITPOINT WARNING * * *
You miss something. Something hits you.
You die...

#####.......#
###...### ##.......#
......##.########
########...........#
##8##8###.#.######.#
.......'.>..# #.#
##8##8##....######.#
########.####..{@..#
#.# #.###### #.# ...
... .... .....


There were no monsters in sight!

Vanquished Creatures
  2 dart slugs (D:1)
  3 endoplasms
  A giant cockroach (D:1)
  A goblin (D:1)
  2 hobgoblins
  2 jackals (D:1)
  6 kobolds
  A quokka (D:1)
  5 ball pythons (D:1)
  6 bats
  5 frilled lizards (D:1)
  2 rats
36 creatures vanquished.

Notes
Turn   | Place    | Note
-------+----------+-------------------------------------------
     0 | D:1      | qeuew the Minotaur Fighter began the quest for the Orb.
     0 | D:1      | Reached XP level 1. HP: 19/19 MP: 0/0
   196 | D:1      | Reached XP level 2. HP: 27/27 MP: 1/1
   210 | D:1      | Reached skill level 4 in Armour
   340 | D:1      | Found Foanirho's Antique Weapon Boutique.
   448 | D:1      | Reached skill level 1 in Dodging
   449 | D:1      | Reached XP level 3. HP: 33/33 MP: 2/2
   856 | D:2      | Noticed Sigmund
   877 | D:2      | Slain by Sigmund

Illustrated notes

Levels and vault maps discovered:
D:1:      nagdon_arrival_zigzag_paths, layout_rooms, serial_shops,
          nicolae_shop_rolling_square, minmay_misc_feat_tower,
          minmay_lizard_king
D:2:      layout_loops_cross, grunt_ministairs_15, dk_noncrumbling_2,
          minmay_misc_feat_room, uniq_sigmund

Skill      XL: |  1  2 |
---------------+-------+-----
Armour         | 4 |  4.3
Dodging        | 1 |  1.1
Fighting       | |  3.9
Axes           | |  2.9
Shields        | |  3.9

Action                     || total
---------------------------++-------
  Melee: War axe           ||    65
         Headbutt          ||     8
    Use: Scroll            ||     6
         Potion            ||     1
 Armour: Scale mail        ||    34
  Dodge: Dodged            ||    28
  Block: Buckler           ||    13
